Map: Tokamak LE

Players

micki

  • Race: Terran Terran
  • League: Silver
  • Spawn Location: 7:00

ManlyManMeat - Winner!

  • Race: Protoss Protoss
  • Spawn Location: 1:00

VOD

Have the link to the VOD?

Description

Time

  • Played on: May 14, 2025, 9:20 a.m.
  • Length: 10:45
Show
View Real Time Build Order
Export as new Build Order

micki Terran 

Build Orders:  

Get SALT Encoding   

  12  0:15  Supply Depot  
  12  0:17  SCV  
  13  0:30  SCV  
  14  0:38  Barracks  
  14  0:42  SCV  
  15  0:53  Supply Depot  
  15  0:54  SCV  
  16  1:19  Barracks  
  16  1:22  SCV  
  17  1:30  Marine  
  18  1:33  Refinery  
  18  1:34  SCV  
  19  1:42  Supply Depot  
  19  1:47  SCV  
  20  1:48  Marine  
  21  1:59  SCV  
  22  2:06  Marine  
  22  2:07  Refinery  
  23  2:09  Engineering Bay  
  23  2:11  SCV  
  24  2:22  Barracks Tech Lab  
  24  2:23  SCV  
  24  2:27  Marine  
  26  2:35  SCV  
  26  2:36  Supply Depot  
  27  2:45  Marine  
  27  2:47  SCV  
  27  2:49  Marine  
  30  2:54  Combat Shield  
  30  2:59  SCV  
  30  3:03  Supply Depot  
  30  3:05  Marine  
  32  3:07  Marine  
  32  3:11  SCV  
  34  3:16  Factory  
  34  3:23  Marine, SCV  
  34  3:25  Marine  
  37  3:32  Supply Depot  
  37  3:35  SCV  
  37  3:40  Marine  
  39  3:43  Marine  
  39  3:44  Terran Infantry Armor Level 1  
  40  3:49  SCV  
  41  3:58  Marine  
  41  4:00  Missile Turret  
  41  4:01  Marine, Factory Tech Lab  
  43  4:12  Starport  
  43  4:18  Orbital Command  
  43  4:27  Siege Tank  
  46  4:34  Missile Turret  
  46  5:04  Command Center  
  46  5:06  Missile Turret  
  40  5:48  Siege Tank  
  43  5:56  Marine  
  44  6:03  Medivac  
  46  6:06  SCV  
  46  6:09  Barracks Reactor  
  47  6:14  Marine  
  47  6:16  Armory  
  48  6:18  SCV  
  48  6:20  Siege Tank  
  52  6:28  Missile Turret  
  52  6:31  SCV  
  52  6:32  Marine  
  54  6:37  Starport Tech Lab  
  54  6:43  SCV  
  54  6:46  Marine  
  56  6:47  Marine  
  56  6:49  Marine  
  56  6:52  Siege Tank  
  61  6:55  SCV  
  62  7:03  Supply Depot  
  62  7:04  Marine  
  62  7:05  Supply Depot  
  62  7:07  Marine x2  
  62  7:08  Medivac  
  67  7:16  Terran Infantry Armor Level 2  
  67  7:22  Marine  
  68  7:25  Marine x2, Orbital Command  
  68  7:27  Supply Depot  
  68  7:28  Supply Depot  
  70  7:34  Missile Turret  
  70  7:38  Raven  
  70  7:40  Marine  
  70  7:43  Marine x2  
  75  7:45  SCV  
  75  7:50  Supply Depot  
  76  7:53  Barracks, SCV  
  76  7:57  SCV  
  76  7:58  Marine  
  79  8:01  Marine  
  79  8:03  Marine  
  79  8:05  SCV  
  82  8:09  SCV  
  82  8:11  Siege Tank  
  86  8:16  Terran Vehicle Weapons Level 1  
  86  8:21  SCV  
  86  8:23  Marine  
  86  8:24  Marine  
  86  8:26  Marine  
  90  8:38  SCV  
  91  8:41  Marine  
  91  8:42  Marine  
  91  8:44  Marine  
  94  8:49  Supply Depot  
  94  8:50  Barracks Reactor  
  94  8:51  SCV  
  95  8:56  Supply Depot  
  95  9:01  Marine  
  96  9:03  SCV  
  97  9:19  Supply Depot  
  97  9:22  Refinery  
  97  9:24  SCV  
  98  9:25  SCV, Refinery  
  99  9:36  SCV  
  99  9:38  SCV  
  95  9:48  SCV  
  95  9:50  SCV  
  68  10:00  SCV  
  68  10:02  SCV  
  68  10:12  SCV  
  61  10:14  SCV  
  61  10:18  Marine x3  
  63  10:25  Marine  
  63  10:27  Marine  
Show
View Real Time Build Order
Export as new Build Order

ManlyManMeat Protoss - Winner!

Build Orders: 1 Gate Expand, Double Forge 

Get SALT Encoding   

  12  0:00  Probe  
  13  0:12  Probe  
  14  0:22  Pylon  
  14  0:23  Probe  
  15  0:52  Gateway  
  15  0:53  Probe  
  16  1:09  Nexus  
  16  1:14  Probe  
  17  1:20  Assimilator  
  17  1:44  Cybernetics Core, Zealot  
  17  1:46  Probe  
  20  1:58  Probe  
  20  2:09  Pylon  
  20  2:10  Probe  
  21  2:18  Stalker  
  21  2:19  Probe  
  21  2:22  Probe  
  25  2:27  Probe  
  26  2:42  Assimilator, Warp Gate  
  26  2:46  Probe x2  
  28  2:55  Stalker  
  29  2:58  Probe x2  
  32  3:09  Assimilator  
  32  3:10  Probe x2  
  34  3:17  Stalker  
  34  3:22  Probe x2  
  38  3:38  Robotics Facility, Probe  
  38  3:42  Probe  
  38  3:44  Stalker  
  38  3:46  Probe  
  42  3:54  Probe  
  44  3:59  Pylon  
  44  4:01  Pylon  
  44  4:05  Probe  
  44  4:06  Probe  
  46  4:17  Zealot  
  48  4:28  Probe  
  48  4:29  Probe  
  48  4:31  Assimilator  
  50  4:35  Gateway  
  50  4:36  Gateway  
  50  4:40  Robotics Bay  
  50  4:41  Probe x2  
  52  4:48  Forge x2  
  52  4:49  Stargate  
  52  4:50  Probe  
  52  4:58  Probe  
  53  5:00  Stalker  
  56  5:08  Observer  
  55  5:26  Immortal  
  55  5:45  Zealot x3  
  55  5:49  Protoss Ground Armor Level 1, Protoss Ground Weapons Level 1  
  61  5:51  Pylon  
  61  5:53  Pylon  
  61  5:55  Pylon  
  61  5:57  Pylon  
  61  5:59  Pylon  
  61  6:01  Gateway, Colossus  
  61  6:02  Probe, Gateway  
  68  6:16  Oracle  
  71  6:33  Twilight Council  
  71  6:35  Robotics Bay  
  71  6:39  Extended Thermal Lance  
  71  6:47  Sentry  
  73  6:58  Colossus  
  79  7:11  Stalker x2  
  83  7:33  Nexus  
  83  7:34  Probe  
  84  7:40  Pylon  
  84  7:41  Pylon  
  84  7:44  Pylon  
  84  7:46  Assimilator, Probe  
  84  7:47  Pylon  
  84  7:48  Zealot x2  
  84  7:49  Zealot  
  91  7:51  Assimilator  
  91  7:52  Immortal  
  94  7:59  Probe  
  95  8:07  Protoss Ground Weapons Level 2, Protoss Ground Armor Level 2  
  95  8:15  Probe x2  
  97  8:23  Charge  
  97  8:27  Probe x2, Immortal  
  99  8:39  Probe  
  104  8:43  Robotics Facility  
  104  8:48  Probe  
  104  8:51  Probe x2  
  104  8:54  Pylon  
  107  8:56  Pylon, Probe  
  107  8:58  Shield Battery  
  108  9:03  Probe x2  
  108  9:05  Probe  
  108  9:06  Warp Prism  
  113  9:15  Probe x2  
  115  9:23  Gravitic Drive  
  115  9:35  Zealot x5  
  125  9:42  Colossus  
  109  10:04  Stalker  
  109  10:05  Stalker x3  
  115  10:24  Zealot  
  115  10:33  Stalker x4  
Tags
 
Add a new tag
Caveats
  • Supply blocks, unpowered buildings, or Contaminate may cause inaccurate times.
  • Supply counts are checked every 10 seconds.